[Event "*** Titled Tuesday Blitz"]
[Site "Chess.com"]
[Date "2021.04.20"]
[Round "8"]
[White "TimKett"]
[Black "ferch1ni"]
[Result "1-0"]
[WhiteElo "2250"]
[BlackElo "2376"]
[TimeControl "180+1"]
[EndTime "11:27:56 PDT"]
[Termination "TimKett won by resignation"]

1. e4 c5 2. Nf3 Nc6 3. d4 cxd4 4. Nxd4 Nf6 5. Nc3 g6 6. Be3 Bg7 7. f3 O-O 8. Bc4 a6 9. Bb3 Na5 10. Qd2 b5 11. O-O-O Nxb3+ 12. axb3 d6 13. h4 h5 14. Bh6 Bd7 15. Bxg7 Kxg7 16. Nd5 Nxd5 17. exd5 a5 18. g4 Rh8 19. g5 a4 20. b4 a3 21. bxa3 Rxa3 22. Nb3 Qc7 23. Qd4+ Kh7 24. Kb2 Ra4 25. Rhe1 Bf5 26. c3 Rc8 27. Qe3 e5 28. dxe6 Bxe6 29.
Ra1 Rxb4 30. cxb4 Qc2+ 31. Ka3 Ra8+ 32. Na5 Qa4+ 33. Kb2 Qxb4+ 34. Kc2 Rxa5 35. Rxa5 Qxa5 36. Qd2 Qa2+ 37. Kd1 Qc4 38. Re3 d5 39. Rc3 Qa4+ 40. Kc1 d4 41. Rc7 b4 42. Qxd4 Qa3+ 43. Qb2 Qe3+ 44.
Kb1 b3 45. Qf6 Qe1+ 46. Kb2 Qd2+ 47. Ka3 Qa2+ 48. Kb4 Qd2+ 49. Kb5 Qd3+ 50. Kb6 Qe3+ 51. Kb7 Qd4 52. Rxf7+ Bxf7 53. Qxd4 Kg8 54. Qb2 Kf8 55. Kc6 Kg8 56. Kc5 Kf8 57. Kb4 Ke7 58. Kc3 Kd6 59. Kd4 Ke6 60. Qxb3+ Ke7 61. Qb7+ Kf8 62. Ke5 Be8 63. Kf6 1-0

[Event "*** Titled Tuesday Blitz"]
[Site "Chess.com"]
[Date "2021.04.20"]
[Round "8"]
[White "Azerichess"]
[Black "Beca95"]
[Result "0-1"]
[WhiteElo "2982"]
[BlackElo "2859"]
[TimeControl "180+1"]
[EndTime "11:27:58 PDT"]
[Termination "Beca95 won on time"]

1. e4 e5 2. Nc3 Nf6 3. d4 exd4 4. Qxd4 Nc6 5. Qd3 Bc5 6. Bf4 d6 7. f3 O-O 8. O-O-O b5 9. Bg5 h6 10. Bh4 b4 11. Nd5 g5 12. Bg3 Nxd5 13. Qxd5 Qe8 14. Bb5 Bd7 15. h4 Rb8 16. Ba4 g4 17. Ne2 Rb6 18.
Qd2 Kh7 19. Nf4 Ra6 20. Nd5 Qd8 21. Bb3 Nd4 22. Kb1 Nxb3 23. cxb3 Be6 24. Bf4 Bxd5 25.
Qxd5 Qf6 26. Qd3 Rb6 27. Bc1 h5 28. fxg4 hxg4 29. Rhf1 Qe6 30. Rf5 f6 31. Qe2 Rg8 32. Rdf1 Bd4 33. e5 Bxe5 34. Qe4 Kg7 35. Qxg4+ Kf8 36.
Rxf6+ Qxf6 37. Rxf6+ Bxf6 38. Qc8+ Kf7 39. Qxc7+ Ke6 40.
Qxa7 Rc6 41. Qe3+ Be5 42. Qe4 Rgc8 43. Qg4+ Kd5 44. Qf3+ Ke6 45. Qh3+ Kd5 46. Qd3+ Ke6 47. Qg6+ Kd5 48. Qf7+ Kd4 49. Bd2 Kd3 50. Qf2 Bd4 51. Qf4 Rc2 52. Qf5+ Kxd2 53. Qf4+ Kd3 54. Qf5+ Kd2 55.
Qf4+ Be3 56. Qxd6+ Ke2 57. Qa6+ Ke1 58. a3 Bd4 59. Qe6+ Kd2 0-1

[Event "*** Titled Tuesday Blitz"]
[Site "Chess.com"]
[Date "2021.04.20"]
[Round "8"]
[White "Volodar_Murzin"]
[Black "SilviusTiberius"]
[Result "1-0"]
[WhiteElo "2722"]
[BlackElo "2577"]
[TimeControl "180+1"]
[EndTime "11:27:58 PDT"]
[Termination "Volodar_Murzin won by resignation"]

1. e4 e5 2. Nf3 Nc6 3. Bb5 Nf6 4. d3 d6 5. c3 g6 6. O-O Bg7 7. Nbd2 O-O 8. Re1 Re8 9. Nf1 a6 10. Ba4 b5 11. Bc2 h6 12. Ng3 a5 13. a4 b4 14.
Bb3 Be6 15. Nd2 d5 16. Qc2 Rb8 17. Rb1 Qd7 18. exd5 Bxd5 19. Nge4 Nxe4 20. dxe4 Bxb3 21. Nxb3 bxc3 22. bxc3 Bf8 23. Be3 Red8 24. Red1 Qe6 25. Nd2 f5 26. f3 f4 27. Bf2 Be7 28. Rb5 Rd7 29. Rxb8+ Nxb8 30. Rb1 Na6 31. Rb5 Qc6 32. h3 Nc5 33. Nc4 Nd3 34. Nxe5 Nxe5 35. Rxe5 Qc4 36. Rxa5 Bb4 37. Rd5 Rxd5 38. exd5 Qxc3 39. Qxg6+ Kf8 40. Qxh6+ Ke8 41. Qc6+ Kd8 42. Qxc3 Bxc3 43. Kf1 Kd7 44. Ke2 Kd6 45. Kd3 Ba5 46. Ke4 Bd2 47. h4 Bc1 48. h5 c6 49. dxc6 Kxc6 50. Bd4 Kd6 51.
Be5+ Ke6 52. Bxf4 Bb2 53. g4 Kf7 54. g5 Kg8 55. Kf5 Bc3 56. Be5 Bb4 57. g6 Bf8 58. a5 Be7 59. h6 1-0

[Event "*** Titled Tuesday Blitz"]
[Site "Chess.com"]
[Date "2021.04.20"]
[Round "8"]
[White "Nikolaj_6"]
[Black "PavelChernomordik"]
[Result "1-0"]
[WhiteElo "2622"]
[BlackElo "2397"]
[TimeControl "180+1"]
[EndTime "11:27:59 PDT"]
[Termination "Nikolaj_6 won on time"]

1. e4 g6 2. d4 Bg7 3. Nf3 d6 4. Bc4 e6 5. Qe2 b6 6. c3 Bb7 7.
Bb3 Nd7 8. a4 a6 9. Nbd2 Ne7 10.
O-O O-O 11. Re1 c5 12. Nf1 Qc7 13. Ng3 b5 14. Bg5 Rfe8 15. axb5 axb5 16. Qxb5 Rxa1 17.
Rxa1 Bc6 18. Qa5 Qb7 19. Bxe7 Rxe7 20. Ba4 Bxa4 21. Qd8+ Bf8 22. Rxa4 Qxb2 23. Ra8 cxd4 24. Qxe7 dxc3 25. Qxd7 c2 26. Rc8 c1=Q+ 27. Rxc1 Qxc1+ 28. Nf1 Qf4 29. Qc6 Kg7 30. h3 Qf6 31. Qc2 d5 32. exd5 exd5 33. Qd2 Qe6 34. Qe3 Qc6 35. Qe5+ Kg8 36. Qe3 Bc5 37. Qe2 d4 38. N1d2 Qd5 39.
Qe8+ Kg7 40. Qe5+ Qxe5 41. Nxe5 Bd6 42. Nd3 Kf6 43. g3 Ke6 44. Ne4 Kd5 45. Nxd6 Kxd6 46.
Kg2 Kd5 47. Kf3 f6 48. Ke2 Ke4 49. f3+ Kd5 50. g4 g5 51. Kd2 Kc4 52. Nf2 Kd5 53. Kd3 Ke5 54. Ke2 h6 55. Nd3+ Kd5 56. Kd2 Kc4 57. Kc2 Kd5 58. Kb3 1-0

[Event "*** Titled Tuesday Blitz"]
[Site "Chess.com"]
[Date "2021.04.20"]
[Round "8"]
[White "nrvisakh"]
[Black "GM_dmitrij"]
[Result "1-0"]
[WhiteElo "2805"]
[BlackElo "2893"]
[TimeControl "180+1"]
[EndTime "11:28:00 PDT"]
[Termination "nrvisakh won on time"]

1. e4 e5 2. Nf3 Nc6 3. Bb5 a6 4. Ba4 Nf6 5. O-O Bc5 6. Re1 d6 7. c3 b5 8. Bc2 O-O 9. d4 Bb6 10. h3 h6 11. Be3 exd4 12. Nxd4 Nxd4 13. cxd4 Bb7 14. Nd2 Re8 15. d5 Bxe3 16. Rxe3 c6 17.
dxc6 Bxc6 18. Rc1 Rc8 19. Re1 Qb6 20. Bb1 Bb7 21. Rxc8 Rxc8 22. Nb3 Re8 23. Qf3 a5 24. Qe3 Qxe3 25. Rxe3 Nxe4 26. Nxa5 Bd5 27. f3 Nf6 28. Rxe8+ Nxe8 29. Kf2 Kf8 30. b4 Nc7 31. a3 Ke7 32. Ke3 g5 33. Be4 Be6 34. Nc6+ Kd7 35. Nd4 Bc4 36.
Kd2 h5 37. g3 h4 38. gxh4 gxh4 39. Bd3 Bxd3 40. Kxd3 Ne6 41. Nxb5 Nf4+ 42. Ke3 Nxh3 43. Nd4 Ng5 44. f4 h3 45. Kf2 Ne6 46. Ne2 d5 47. Kg3 d4 48. f5 Ng5 49. Nxd4 Kd6 50. a4 Ke5 51. a5 Ne4+ 52. Kxh3 Nd6 53. a6 Nc8 54.
Nc6+ Kxf5 55. a7 Nb6 56. b5 Ke4 57. Ne7 1-0

[Event "*** Titled Tuesday Blitz"]
[Site "Chess.com"]
[Date "2021.04.20"]
[Round "8"]
[White "Kislov_Oleg"]
[Black "Srisshhhtea"]
[Result "1-0"]
[WhiteElo "2497"]
[BlackElo "2324"]
[TimeControl "180+1"]
[EndTime "11:28:01 PDT"]
[Termination "Kislov_Oleg won by checkmate"]

1. e4 e6 2. d4 d5 3. Nc3 Bb4 4. exd5 exd5 5. Bd3 Nc6 6. Ne2 Nge7 7. Bg5 f6 8. Bh4 Bf5 9. O-O Qd7 10. Bg3 h5 11. h4 g5 12. Nb5 Ba5 13. c3 a6 14.
Na3 Rg8 15. hxg5 fxg5 16. Nc2 h4 17. Bh2 g4 18. Ne3 O-O-O 19. b4 Bb6 20. a4 Qe6 21. a5 Ba7 22. Nf4 Qf7 23. g3 Bxd3 24. Qxd3 Ng6 25. Nxg6 Rxg6 26. b5 axb5 27. Qxb5 Rh8 28. a6 bxa6 29.
Rxa6 Bb6 30. Ra8+ Nb8 31. gxh4 Kb7 32. Rfa1 g3 33. Bxg3 Rxh4 34. Qxd5+ Qxd5 35. Nxd5 Nc6 36. Nxb6 cxb6 37. Re8 Na5 38. Re7+ Kc6 39. Rae1 Rf4 40. R1e6+ Rxe6 41. Rxe6+ Kd5 42. Rxb6 Rf7 43. Rb5+ Kc4 44. Rxa5 Kxc3 45. Rd5 Kc4 46. Rd8 Ra7 47. Kg2 Ra1 48. d5 Kd3 49. d6 Ke4 50. Re8+ Kf5 51. d7 Rd1 52. d8=Q Rxd8 53. Rxd8 Kg6 54. Kf3 Kf7 55. Kf4 Kg7 56. Rd6 Kh7 57. Kf5 Kg7 58. Bf4 Kf7 59.
Rd7+ Ke8 60. Ke6 Kf8 61. Be5 Kg8 62. Rd8+ Kh7 63. Kf6 Kh6 64. Rh8# 1-0

[Event "*** Titled Tuesday Blitz"]
[Site "Chess.com"]
[Date "2021.04.20"]
[Round "8"]
[White "HackingKid98"]
[Black "Bad_left_hook"]
[Result "1/2-1/2"]
[WhiteElo "2472"]
[BlackElo "2624"]
[TimeControl "180+1"]
[EndTime "11:28:02 PDT"]
[Termination "Game drawn - insufficient material"]

1. d4 Nf6 2. c4 c5 3. Nf3 cxd4 4. Nxd4 d6 5. Nc3 g6 6. g3 Bg7 7. Bg2 O-O 8. O-O a6 9. Nb3 Qc7 10. Bg5 Nbd7 11. Rc1 h6 12. Nd5 Nxd5 13. cxd5 Qd8 14. Be3 Ne5 15. Qd2 Kh7 16. h3 Bd7 17. f4 Rc8 18. fxe5 dxe5 19. Nc5 b6 20. Nxd7 Qxd7 21. Bxb6 Rb8 22. Rc6 Rfc8 23. Rfc1 Rxc6 24. Rxc6 f5 25. e4 f4 26. gxf4 exf4 27. Qxf4 Rxb6 28. Rxb6 Bd4+ 29. Kh1 Bxb6 30. Qf7+ Kh8 31. Qxg6 Be3 32. Qe6 Qc7 33.
Qf7 Bd4 34. Qf8+ Kh7 35. Qf7+ Bg7 36. h4 Qg3 37. Qf3 Qxh4+ 38. Bh3 Qe1+ 39. Kg2 Qd2+ 40. Qf2 Qxf2+ 41. Kxf2 Bxb2 42. Kf3 Kg7 43. Bf5 Kf6 44. Kg4 a5 45. Kh5 Bc1 46. Bh7 Ke5 47. Bf5 Kd4 48. Kg6 Bf4 49. Kf7 Bg5 50. Ke6 Kc3 51. e5 Kb2 52. d6 exd6 53. exd6 Kxa2 54. Kf7 Kb2 55. Kg6 a4 56. Be6 a3 57. d7 a2 58. Bxa2 Kxa2 59. Kh5 Kb3 60. d8=Q Bxd8 61. Kxh6 1/2-1/2

[Event "*** Titled Tuesday Blitz"]
[Site "Chess.com"]
[Date "2021.04.20"]
[Round "8"]
[White "juancruzarias"]
[Black "Leo_C"]
[Result "1-0"]
[WhiteElo "2567"]
[BlackElo "2422"]
[TimeControl "180+1"]
[EndTime "11:28:02 PDT"]
[Termination "juancruzarias won by resignation"]

1. e4 c6 2. d4 d5 3. exd5 cxd5 4.
Bf4 Nc6 5. c3 g6 6. Bd3 Bg7 7. Nd2 Nh6 8. Ne2 O-O 9. O-O f6 10. c4 Be6 11. cxd5 Bxd5 12. Nc3 Bf7 13. d5 Nb4 14. Bc4 Nxd5 15. Bxd5 Bxd5 16. Be3 Bc6 17. Qb3+ Kh8 18. Rad1 Nf5 19. Bf4 e5 20. Bg3 Nxg3 21.
hxg3 f5 22. Nc4 Qc7 23. Nb5 Qf7 24. Nbd6 Qe6 25. Rfe1 Rad8 26. Nb5 a6 27. Nc3 b5 28. Nxe5 Qxb3 29. axb3 Rxd1 30. Nxd1 Bxe5 31. Rxe5 Re8 32.
Rxe8+ Bxe8 33. b4 Kg7 34. f4 Kf6 35. Kf2 Ke6 36. Ne3 Bc6 37. Ke2 Be4 38. Kd2 Kd6 39. Kc3 h6 40. Kd4 g5 41. fxg5 hxg5 42. g4 f4 43. Nf5+ Bxf5 44. gxf5 Ke7 45. Ke5 Kf7 46. b3 Ke7 47. f6+ Kf7 48. Kf5 g4 49. Kxf4 Kxf6 50. Kxg4 Ke5 51. Kh5 Kd4 52. g4 Kc3 53. g5 Kxb4 54.
g6 Kxb3 55. g7 b4 56. g8=Q+ Kc2 57. Qa2+ Kc3 58. Qxa6 b3 59. Qf6+ Kc2 60. Qf5+ Kc1 61. Qf4+ Kc2 62. Qe4+ Kc1 63. Qc4+ 1-0

[Event "*** Titled Tuesday Blitz"]
[Site "Chess.com"]
[Date "2021.04.20"]
[Round "8"]
[White "enriquebutti"]
[Black "rachidhuilda"]
[Result "1-0"]
[WhiteElo "2088"]
[BlackElo "2261"]
[TimeControl "180+1"]
[EndTime "11:28:03 PDT"]
[Termination "enriquebutti won on time"]

1. d4 Nf6 2. Nf3 d5 3. c4 c6 4. Nc3 e6 5. e3 Nbd7 6. Bd3 dxc4 7. Bxc4 b5 8. Be2 Bb7 9. e4 b4 10. e5 bxc3 11. exf6 cxb2 12. fxg7 Bxg7 13. Bxb2 Qa5+ 14. Nd2 O-O 15. O-O Rab8 16. Nc4 Qc7 17. Bd3 c5 18. Qh5 h6 19. Bc1 Nf6 20. Qh3 Be4 21. Bxe4 Nxe4 22.
Bxh6 Bxh6 23. Qxh6 cxd4 24. Rfe1 f5 25. Qxe6+ Qf7 26.
Qxf7+ Rxf7 27. f3 Nc3 28. Ne5 Rfb7 29. Nd3 Nd5 30. Re5 Ne3 31. Kf2 Rb1 32. Rxb1 Rxb1 33. Ra5 Rd1 34. Ke2 Rg1 35. Nf4 Nxg2 36. Nxg2 Rxg2+ 37.
Kd3 Rf2 38. Kxd4 Rxf3 39. Rxa7 Rf2 40. h4 Rh2 41. a4 Rxh4+ 42. Ke5 f4 43. Ra8+ Kg7 44.
Ke4 Kf6 45. a5 Kg5 46. a6 f3+ 47. Kxf3 Ra4 48. a7 Kf5 49. Rf8+ Kg6 50. a8=Q Rxa8 51. Rxa8 1-0

[Event "*** Titled Tuesday Blitz"]
[Site "Chess.com"]
[Date "2021.04.20"]
[Round "8"]
[White "Piotrek1979"]
[Black "GameOverBro"]
[Result "1-0"]
[WhiteElo "2423"]
[BlackElo "2521"]
[TimeControl "180+1"]
[EndTime "11:28:04 PDT"]
[Termination "Piotrek1979 won by checkmate"]

1. Nf3 d6 2. c4 Nf6 3. Nc3 Nbd7 4. d4 e5 5. g3 c6 6. Bg2 Qc7 7. O-O Be7 8. e3 O-O 9. b3 Re8 10. Bb2 e4 11. Nd2 d5 12. Rc1 Qa5 13. a3 a6 14. b4 Qd8 15. Qb3 Nf8 16. a4 Be6 17. cxd5 Nxd5 18. Nxd5 Bxd5 19. Qc3 f5 20. Nc4 Ne6 21.
a5 Nc7 22. Nb6 Rb8 23. Qd2 Qd6 24. Bc3 Nb5 25. Rb1 Rbd8 26. Rfc1 h5 27. Bf1 h4 28.
Qd1 hxg3 29. hxg3 Qg6 30. Be1 f4 31. Nxd5 cxd5 32. exf4 Rc8 33. Bxb5 axb5 34. Bd2 Rc4 35. Rxc4 dxc4 36. Be3 Bd6 37. d5 Rc8 38. Qd4 Kf7 39. Qb6 Rc7 40. f5 Qf6 41. Bd4 Qe7 42. f6 gxf6 43. Kg2 c3 44. Rh1 Kg6 45. Bc5 Bxc5 46. bxc5 Qxc5 47. Qe6 Rg7 48. Qe8+ Rf7 49. Rh8 Qe7 50.
Rg8+ Kf5 51. Qc8+ Qd7 52. Qxc3 Qxd5 53. Qe3 Ke6 54. g4 Re7 55. Rg6 Kf7 56. Rh6 Qd3 57. Qc5 Qf3+ 58. Kg1 Qd1+ 59. Kh2 Qxg4 60. Qd5+ Kg7 61.
Rh3 Qf4+ 62. Rg3+ Kf8 63. Qg8# 1-0

[Event "*** Titled Tuesday Blitz"]
[Site "Chess.com"]
[Date "2021.04.20"]
[Round "8"]
[White "Kildepiotr"]
[Black "Aslanov_Umid"]
[Result "1-0"]
[WhiteElo "2638"]
[BlackElo "2460"]
[TimeControl "180+1"]
[EndTime "11:28:06 PDT"]
[Termination "Kildepiotr won on time"]

1. Nf3 d5 2. g3 c6 3. Bg2 Nf6 4. O-O Bg4 5. d3 Nbd7 6. Nbd2 e5 7. e4 Bd6 8. h3 Bxf3 9. Qxf3 O-O 10. Qe2 Qc7 11.
Nf3 dxe4 12. dxe4 Nc5 13. Nh4 g6 14. Bg5 Be7 15. Rfd1 Rad8 16. Qe3 Ne6 17. Bh6 Rfe8 18. c3 Bc5 19. Qe2 Qb6 20. b4 Bf8 21. Bxf8 Kxf8 22.
Nf3 Qc7 23. h4 c5 24. b5 c4 25. Bh3 Qc5 26. Rxd8 Rxd8 27. Bxe6 fxe6 28. Ng5 Ke7 29. Rd1 Rxd1+ 30. Qxd1 Qxb5 31. Qc1 Qc5 32. Qb2 b5 33. a4 b4 34. cxb4 c3 35. Qb3 Qc6 36. b5 c2 37. bxc6 c1=Q+ 38. Kg2 Qxc6 39. Qb4+ Qd6 40.
Qa5 h6 41. Qxa7+ Qd7 42. Qc5+ Qd6 43. Qxd6+ Kxd6 44. Nf7+ Kc5 45. Nxe5 Nxe4 46. Nxg6 Kb4 47. Kf3 Nf6 48. Nf4 e5 49. Ng6 e4+ 50. Kf4 Kxa4 51. Kf5 e3 52. fxe3 Nh5 53. g4 Ng3+ 54. Kf4 Ne2+ 55. Kf3 Nc3 56. Ne5 Kb5 57. h5 Nd5 58.
Nf7 Kc5 59. Nxh6 Kd6 60. e4 Ne7 61. Kf4 Ke6 62. Nf5 Ng8 63. g5 Kf7 64. Nh6+ 1-0

[Event "*** Titled Tuesday Blitz"]
[Site "Chess.com"]
[Date "2021.04.20"]
[Round "8"]
[White "Legendinunknown"]
[Black "GadimbayliA"]
[Result "0-1"]
[WhiteElo "2581"]
[BlackElo "2760"]
[TimeControl "180+1"]
[EndTime "11:28:07 PDT"]
[Termination "GadimbayliA won by checkmate"]

1. d4 d5 2. c4 e5 3. Nc3 dxc4 4. dxe5 Qxd1+ 5. Nxd1 Nc6 6. Nf3 Bg4 7. e3 Bxf3 8. gxf3 Nxe5 9. Be2 O-O-O 10. Bd2 Ne7 11. Bc3 Nd3+ 12. Kf1 f6 13. e4 Nc6 14. Ne3 b5 15.
Nd5 b4 16. Bxd3 bxc3 17. Bxc4 cxb2 18. Rb1 Ba3 19. Ke2 Rd6 20. Rhd1 Ne5 21. Bb3 g5 22. Rd4 Ra6 23. Nc3 c6 24. Nd1 c5 25. Ra4 Rxa4 26. Bxa4 Kc7 27. Nc3 a6 28. Nd5+ Kd6 29. Nxf6 c4 30. Nd5 Kc5 31. Bc2 Rf8 32. f4 gxf4 33. f3 Nc6 34. Kf2 Nd4 35. Ba4 Rb8 36. Nxf4 c3 37. Nd3+ Kc4 38. Ne1 Kb4 39. Bc2 Rd8 40. Ke3 Ka5 41. e5 Bc5 42. Kd3 Nb5+ 43. Ke4 Na3 44. Nd3 Rd4+ 45. Ke3 Rc4+ 46. Nxc5 Rxc5 47. Kd3 Nxb1 48. Bxb1 Kb4 49. f4 Rd5+ 50. Ke3 Rd1 51. Bxh7 Re1+ 52. Kf2 b1=Q 53. Bxb1 Rxb1 54. e6 Kc4 55. e7 Rb8 56. f5 c2 57. f6 c1=Q 58. f7 Qf4+ 59. Kg2 Rb2+ 60. Kg1 Qxh2+ 61. Kf1 Qh1# 0-1

[Event "*** Titled Tuesday Blitz"]
[Site "Chess.com"]
[Date "2021.04.20"]
[Round "8"]
[White "Vandros57"]
[Black "dosto07"]
[Result "1/2-1/2"]
[WhiteElo "2187"]
[BlackElo "2318"]
[TimeControl "180+1"]
[EndTime "11:28:07 PDT"]
[Termination "Game drawn by repetition"]

1. d4 d5 2. c4 dxc4 3. Nf3 Nf6 4. e3 e6 5. Bxc4 c5 6. O-O a6 7. b3 Nc6 8. Bb2 cxd4 9. Nxd4 Bd7 10. Be2 Be7 11.
Bf3 Rc8 12. Nxc6 Bxc6 13. Qxd8+ Bxd8 14. Rc1 Ba5 15. Bxc6+ Rxc6 16. Rxc6 bxc6 17. Bxf6 gxf6 18. Na3 Ke7 19. Rc1 Rc8 20. g3 Bb4 21. Nc4 Rd8 22.
Kf1 a5 23. Ke2 Ra8 24. a3 Bd6 25. Nb6 Rb8 26. Rxc6 Bxa3 27. Kd3 Bb4 28. Kc4 Be1 29. f3 Kd8 30. Kb5 Bf2 31. Rd6+ Ke8 32. Rd3 Be1 33. Kc6 Rd8 34. Rxd8+ Kxd8 35. Nc4 Ke7 36. Kb5 f5 37. Nxa5 Bf2 38. e4 fxe4 39. fxe4 Kd6 40. Kc4 Ke5 41. Kd3 Bg1 42. h3 h5 43. b4 Bf2 44. b5 Bxg3 45.
Nc4+ Kf6 46. b6 Bb8 47. Na5 Kg5 48. b7 Kh4 49. Nc6 Bc7 50. Ke3 Kxh3 51. Kf3 h4 52. b8=Q Bxb8 53. Nxb8 f5 54. exf5 exf5 55. Nc6 Kh2 56. Ne5 h3 57. Ng6 Kg1 58. Nf4 h2 59.
Ne2+ Kh1 60. Ng3+ Kg1 61. Ne2+ Kh1 62. Ng3+ Kg1 63. Ne2+ 1/2-1/2

[Event "*** Titled Tuesday Blitz"]
[Site "Chess.com"]
[Date "2021.04.20"]
[Round "8"]
[White "PchelkinVK"]
[Black "CSB7"]
[Result "0-1"]
[WhiteElo "2637"]
[BlackElo "2757"]
[TimeControl "180+1"]
[EndTime "11:28:09 PDT"]
[Termination "CSB7 won by resignation"]

1. d4 Nf6 2. Nc3 d5 3. Bf4 c5 4. e4 Nxe4 5. Nxe4 dxe4 6. d5 Nd7 7. Qd2 g6 8. Qc3 Nf6 9. O-O-O Bg7 10. d6 O-O 11.
dxe7 Qxe7 12. Bd6 Bh6+ 13. Kb1 Rd8 14. Qxc5 Ne8 15. Bc4 Rxd6 16. Rxd6 Qxd6 17. Qxd6 Nxd6 18. Bb3 Be6 19. Ne2 Bxb3 20. axb3 Rd8 21. Rd1 f5 22. Nc3 Nf7 23. Rf1 Bg7 24. Ne2 Ne5 25. h3 Nc6 26. c3 Rd2 27. Nf4 Bh6 28. Ne6 Rd6 29. Nc5 b6 30. Na4 Bf8 31. Kc2 Rd8 32.
b4 Ne5 33. Ra1 Nd3 34. f3 exf3 35. gxf3 Nf4 36. b3 Nxh3 37. Nb2 Rd7 38. Nc4 Ng5 39. Ne5 Rc7 40. b5 Bg7 41. Nc6 Nxf3 42. Rxa7 Rxa7 43. Nxa7 Ne5 44. Nc8 Nd7 45. Ne7+ Kf7 46. Nd5 h5 47. Kd3 h4 48. b4 h3 49. Nf4 h2 50. c4 h1=Q 51.
Nd5 Qe4+ 52. Kd2 Qxd5+ 53. cxd5 Ke7 54. Kd3 Kd6 55. Kc4 Ne5+ 56. Kb3 Kxd5 57. Ka4 Kc4 58.
Ka3 Kxb5 59. Kb3 Nc6 60. Kc2 Nxb4+ 61. Kd2 f4 62. Ke2 g5 63. Kf3 Nc6 64. Kg4 Bf6 65.
Kf3 Kc4 66. Ke4 b5 67. Kf3 Kd5 68. Ke2 Ke4 69. Kd1 b4 70. Kc2 Kd4 71. Kd1 Kd3 72.
Kc1 g4 73. Kd1 g3 74. Ke1 f3 75. Kf1 b3 76. Kg1 0-1

[Event "*** Titled Tuesday Blitz"]
[Site "Chess.com"]
[Date "2021.04.20"]
[Round "8"]
[White "CrushingKings"]
[Black "OlegKrivonosov"]
[Result "0-1"]
[WhiteElo "2510"]
[BlackElo "2640"]
[TimeControl "180+1"]
[EndTime "11:28:12 PDT"]
[Termination "OlegKrivonosov won by resignation"]

1. e4 e5 2. Nf3 Nc6 3. Bc4 Bc5 4. c3 Nf6 5. d3 d6 6. O-O h6 7. Bb3 O-O 8. h3 a6 9. Nbd2 Re8 10. Re1 Be6 11. Bc2 d5 12. Qe2 b5 13. Nh2 Ne7 14.
d4 exd4 15. Nb3 d3 16. Bxd3 dxe4 17. Nxc5 exd3 18. Nxe6 dxe2 19. Nxd8 Raxd8 20. Be3 Nf5 21. Rxe2 Nxe3 22. fxe3 Ne4 23. Nf1 c5 24. a4 b4 25.
cxb4 cxb4 26. Rc1 Rd5 27. Rc4 a5 28. Rd4 Rc5 29. Nd2 Rc2 30. b3 Nxd2 31. Rexd2 Rxd2 32. Rxd2 Rxe3 33. Rd5 Rxb3 34. Rxa5 Ra3 35. Kh2 g5 36. Ra6 Kg7 37. Kg1 h5 38. Ra5 Kg6 39. Kf2 h4 40. Kg1 f5 41. Ra6+ Kh5 42. Ra5 f4 43. Kf2 Kg6 44. Ke2 b3 45. Rb5 Rxa4 46. Rxb3 Ra5 47. Kf3 Kh5 48. Rc3 Ra1 49. Rc6 Rf1+ 50. Ke2 Rb1 51. Kf3 Rb3+ 52. Kf2 Re3 53. Rd6 Re7 54. Rc6 Rg7 55. Rd6 Rg6 56. Rd5 Rc6 57.
Kf3 Rc3+ 58. Kf2 Kg6 59. Rb5 Re3 60. Ra5 Kf6 61. Ra6+ Re6 62. Ra5 Re5 63. Ra6+ Kf5 64. Ra4 Rc5 65. Rb4 Rc2+ 66. Kf3 Rc3+ 67. Kf2 Rc5 68. Ra4 g4 69. hxg4+ Kxg4 70. Ra3 Rc2+ 71. Kg1 Re2 72. Kf1 Re3 73. Kg1 Rxa3 0-1

[Event "*** Titled Tuesday Blitz"]
[Site "Chess.com"]
[Date "2021.04.20"]
[Round "8"]
[White "azikom"]
[Black "RiskyDecision"]
[Result "1/2-1/2"]
[WhiteElo "2629"]
[BlackElo "2466"]
[TimeControl "180+1"]
[EndTime "11:28:12 PDT"]
[Termination "Game drawn - insufficient material"]

1. d4 f5 2. c4 Nf6 3. Nc3 d6 4. Nf3 g6 5. g3 Bg7 6. Bg2 O-O 7. O-O c6 8. d5 e5 9. dxe6 Bxe6 10. Qd3 Re8 11.
b3 Na6 12. Bb2 Nc5 13. Qc2 Qe7 14. e3 Rad8 15. Rfd1 h6 16. Rac1 Bf7 17. Ne2 Nce4 18. Nf4 g5 19. Nd3 Bg6 20. Re1 d5 21. cxd5 Nxd5 22.
Bxg7 Qxg7 23. b4 f4 24. exf4 gxf4 25. Qb3 fxg3 26. hxg3 Kh8 27. Nc5 Nxc5 28. bxc5 Rxe1+ 29. Rxe1 Nc3 30. Ne5 Nd5 31. Nxg6+ Qxg6 32. Qxb7 Nf4 33. Qxc6 Nh3+ 34. Kh2 Qxc6 35. Bxc6 Nxf2 36. Re8+ Rxe8 37. Bxe8 Ng4+ 38. Kh3 Nf6 39. Bf7 Ne4 40. c6 Ng5+ 41. Kg4 Nxf7 42. c7 Nd6 43. Kf4 Kg7 44. Ke5 Nc8 45.
Ke6 Kg6 46. a4 a5 47. Kd7 Nb6+ 48. Kc6 Nc8 49. Kb7 Nd6+ 50. Kb6 Kg5 51. Kxa5 Kg4 52. Kb4 Kxg3 53. a5 h5 54. a6 Nc8 55. Kb5 h4 56. Kc6 h3 57. Kb7 Nd6+ 58. Kb8 h2 59. a7 h1=Q 60.
a8=Q Qxa8+ 61. Kxa8 Kf4 62. Ka7 Nb5+ 63. Ka6 Nxc7+ 1/2-1/2

[Event "*** Titled Tuesday Blitz"]
[Site "Chess.com"]
[Date "2021.04.20"]
[Round "8"]
[White "Raud100"]
[Black "ChampStan"]
[Result "1-0"]
[WhiteElo "2381"]
[BlackElo "2099"]
[TimeControl "180+1"]
[EndTime "11:28:12 PDT"]
[Termination "Raud100 won by resignation"]

1. d4 Nf6 2. c4 g6 3. Nc3 d5 4.
cxd5 Nxd5 5. e4 Nxc3 6. bxc3 Bg7 7. Be3 O-O 8. Qd2 c5 9. Nf3 Qa5 10. Rc1 cxd4 11. cxd4 Qxd2+ 12. Bxd2 Rd8 13. d5 e6 14. Bc4 Na6 15. Ke2 Nc5 16. Bg5 f6 17. dxe6 Bxe6 18. Bxe6+ Nxe6 19. Be3 Rac8 20. Rhd1 Rxc1 21. Rxc1 f5 22.
exf5 gxf5 23. g3 Bf6 24. a4 Kf7 25. a5 Rd5 26. Bxa7 Rxa5 27. Be3 Ra2+ 28. Kd3 b5 29.
Rc6 Ra3+ 30. Kc2 b4 31. Rb6 Rc3+ 32. Kd2 b3 33. Ne1 h5 34. h4 Ke7 35. Bg5 Nxg5 36.
hxg5 Bd4 37. Nd3 Rc2+ 38. Kd1 Bxf2 39. Rxb3 Ra2 40. Nf4 Bd4 41. Nxh5 Rh2 42. Nf4 Rh1+ 43. Ke2 Be5 44. Re3 Kd6 45. Kf3 Rf1+ 46. Kg2 Rb1 47. Rd3+ Kc6 48. Rf3 Rb2+ 49. Kh3 Kd6 50. Nd3 Rb1 51.
Rxf5 Bd4 52. g4 Rb3 53. Rf3 Kd5 54. Nf4+ Kc4 55. Rxb3 Kxb3 56. Kh4 Kc4 57. Kh5 Kc5 58. Kg6 Kd6 59. Kf7 Ke5 60. Ne6 Be3 61. g6 Bh6 62. g5 Bxg5 63. Nxg5 Kf5 64. Ne6 1-0

[Event "*** Titled Tuesday Blitz"]
[Site "Chess.com"]
[Date "2021.04.20"]
[Round "8"]
[White "chessajedrezz2020"]
[Black "Pertinhez76"]
[Result "1-0"]
[WhiteElo "2705"]
[BlackElo "2076"]
[TimeControl "180+1"]
[EndTime "11:28:14 PDT"]
[Termination "chessajedrezz2020 won by checkmate"]

1. Nf3 g6 2. e4 d6 3. d4 Bg7 4. Bc4 Nf6 5. Nc3 O-O 6. h3 Nc6 7. O-O e5 8. dxe5 dxe5 9. Bg5 h6 10. Bh4 Be6 11. Bd5 Re8 12. Bxc6 bxc6 13. Qxd8 Raxd8 14. Nxe5 g5 15. Bg3 Nxe4 16. Nxe4 Bd5 17. Rfe1 Rxe5 18.
Bxe5 Bxe5 19. Nc3 Bxc3 20. bxc3 Kf8 21. Red1 Re8 22. Re1 Rd8 23. a3 Be6 24. Rad1 Rb8 25. Rb1 Rb6 26. Rxb6 cxb6 27. f3 Ke7 28. Re2 f5 29.
Kf2 f4 30. Ke1 Kd6 31. Kd2 c5 32. Re1 h5 33. h4 g4 34. fxg4 Bxg4 35. Re4 f3 36.
gxf3 Bxf3 37. Rf4 Bg4 38. Rf7 a5 39. Ke3 Kd5 40. Rf6 Kc4 41. Kd2 b5 42. Ra6 a4 43.
Ra5 Bf5 44. Ra7 Bg4 45. Re7 Kd5 46. Re3 Kc4 47. Re4+ Kd5 48. Rf4 Ke5 49. Rf8 Kd5 50. Rd8+ Kc4 51. Rd6 b4 52. axb4 cxb4 53. Rd4+ Kb5 54.
Rxb4+ Ka5 55. Rb8 Bd7 56. Kc1 Bf5 57. Kb2 Be4 58. Rf8 Bg6 59. Rf6 Be8 60. Re6 Bd7 61.
Re5+ Kb6 62. Rxh5 Bg4 63. Rg5 Be2 64. h5 Bf3 65. h6 Be4 66. Rg7 a3+ 67. Kxa3 Kc5 68. h7 Kc4 69. h8=Q Kxc3 70. Rc7+ Kd2 71. Qd4+ Kc1 72. Qe3+ Kb1 73. Qxe4 Kc1 74. Qe1# 1-0

[Event "*** Titled Tuesday Blitz"]
[Site "Chess.com"]
[Date "2021.04.20"]
[Round "8"]
[White "dropstoneDP"]
[Black "NicoChasin"]
[Result "1-0"]
[WhiteElo "2931"]
[BlackElo "2704"]
[TimeControl "180+1"]
[EndTime "11:28:16 PDT"]
[Termination "dropstoneDP won by resignation"]

1. d4 Nf6 2. Nd2 d6 3. e4 e5 4. Ngf3 Nc6 5. Bb5 exd4 6. Nxd4 Bd7 7. Nxc6 Bxc6 8. Bxc6+ bxc6 9. O-O g6 10. Re1 Nd7 11. Nf3 Bg7 12. Bg5 Qb8 13. e5 Nxe5 14. Nxe5 dxe5 15. Qd4 O-O 16. Qc3 Qb6 17. Rad1 h6 18. Be3 Qa6 19. b3 Rfd8 20. a4 Rd5 21. Qb4 Rad8 22. Rc1 Bf8 23. Qh4 h5 24. h3 Qa5 25.
Qc4 Bc5 26. g3 Bxe3 27. Rxe3 Rd1+ 28. Rxd1 Rxd1+ 29. Kg2 Qd5+ 30. Re4 f5 31. Qxd5+ Rxd5 32. Rb4 Rc5 33. c4 e4 34. Rb7 a5 35. Rxc7 Kf8 36. h4 Re5 37. Rxc6 Kf7 38. f4 exf3+ 39. Kxf3 Re1 40.
Rc5 Rb1 41. Rb5 Ke6 42. Rb6+ Kf7 43. Kf4 Rf1+ 44. Kg5 Rf3 45. Rf6+ Ke7 46. Rxg6 Rxg3+ 47. Kxf5 Rxb3 48. Rg7+ Kd6 49. Ra7 Rb4 50. Rxa5 Rxc4 51. Kg5 Kc6 52. Kxh5 Kb6 53. Ra8 Kb7 54. Ra5 Kb6 55.
Rb5+ Kc6 56. Rb1 Rxa4 57. Rd1 Ra2 58. Kg6 Rg2+ 59. Kh6 Rg4 60. h5 Kc7 61. Kh7 Rg5 62. h6 Rg4 63. Kh8 Rg5 64. h7 Rg6 65. Ra1 Kd7 66.
Ra8 Ke7 67. Rg8 Rf6 68. Kg7 Rf7+ 69. Kg6 Rf6+ 70. Kg5 1-0